Map: [ESL] Oceanborn

Players

Dark

  • Race: Zerg Zerg
  • Spawn Location: 5:00

Clem - Winner!

  • Race: Terran Terran
  • Spawn Location: 11:00

Event: ESL SC2 Masters 2023 Winter (Finals)

VOD

Have the link to the VOD?

Description

Time

  • Played on: Dec. 17, 2023, 7:13 p.m.
  • Length: 12:53

All games in this series

Show
View Real Time Build Order
Export as new Build Order

Dark Zerg 

Build Orders: Hatch First 

Get SALT Encoding   

  12  0:00  Drone  
  13  0:12  Overlord  
  13  0:16  Drone  
  14  0:30  Drone x2  
  16  0:47  Hatchery  
  15  0:51  Drone  
  15  0:53  Drone  
  17  0:58  Drone  
  18  1:07  Extractor  
  17  1:12  Spawning Pool  
  17  1:15  Drone  
  17  1:18  Drone  
  18  1:27  Drone  
  19  1:38  Drone  
  20  1:49  Drone  
  21  2:00  Queen x2  
  21  2:01  Zergling x4  
  27  2:10  Drone  
  27  2:11  Overlord  
  28  2:21  Extractor  
  27  2:24  Drone  
  29  2:33  Drone x3  
  32  2:38  Queen  
  32  2:42  Drone  
  34  2:54  Hatchery  
  34  2:55  Drone x3  
  36  3:05  Overlord  
  35  3:16  Metabolic Boost  
  35  3:17  Overlord x2  
  35  3:19  Drone  
  36  3:23  Queen x2  
  36  3:24  Drone  
  36  3:27  Drone x2  
  42  3:33  Drone  
  44  3:36  Drone x3  
  46  3:50  Zergling x8  
  46  3:53  Drone x3  
  53  3:58  Queen  
  53  4:00  Overlord  
  53  4:02  Queen  
  57  4:08  Overlord  
  57  4:09  Drone x2  
  59  4:13  Drone  
  59  4:17  Drone  
  61  4:19  Drone  
  61  4:22  Drone  
  63  4:28  Drone  
  63  4:29  Drone  
  63  4:31  Extractor  
  64  4:32  Extractor  
  64  4:33  Drone x4  
  64  4:35  Drone x3  
  70  4:39  Lair  
  70  4:40  Drone x2  
  70  4:44  Spore Crawler  
  71  4:46  Spore Crawler  
  71  4:48  Drone  
  71  4:50  Drone x2  
  73  4:58  Zergling x2  
  74  5:01  Drone x2  
  74  5:04  Zergling x4, Hatchery  
  74  5:05  Zergling x2  
  78  5:10  Drone x3  
  78  5:14  Baneling Nest  
  80  5:17  Overlord  
  80  5:20  Overlord  
  80  5:21  Overlord  
  80  5:23  Overlord  
  80  5:25  Overlord  
  80  5:29  Drone, Evolution Chamber  
  80  5:30  Drone  
  80  5:32  Overlord  
  80  5:33  Evolution Chamber  
  80  5:34  Drone  
  80  5:35  Overlord  
  81  5:37  Drone  
  81  5:38  Drone x2  
  81  5:40  Drone x3  
  87  5:45  Extractor, Drone x2  
  87  5:46  Extractor  
  87  5:47  Spore Crawler  
  87  5:48  Drone  
  87  6:01  Drone x2  
  85  6:07  Zerg Melee Weapons Level 1, Zerg Ground Armor Level 1  
  85  6:08  Centrifugal Hooks  
  85  6:13  Drone x7  
  85  6:14  Hatchery  
  91  6:19  Zergling x4  
  91  6:20  Zergling x10  
  98  6:26  Zergling x6  
  101  6:34  Zergling x6  
  104  6:42  Infestation Pit  
  99  6:48  Hatchery  
  99  6:49  Baneling  
  99  6:50  Zergling x2, Baneling x9  
  99  6:51  Zergling x18  
  99  6:52  Zergling x2  
  105  6:55  Zergling x6  
  106  7:01  Zergling x2  
  106  7:02  Zergling x6  
  106  7:07  Zergling x16  
  107  7:16  Zergling x4  
  107  7:25  Zergling x6  
  107  7:27  Zergling x4, Baneling  
  107  7:28  Hive, Baneling x2  
  110  7:30  Queen x3  
  110  7:32  Zergling x4, Burrow  
  112  7:37  Zergling x6  
  112  7:40  Drone  
  112  7:41  Drone x3  
  112  7:42  Drone x2  
  121  7:44  Zergling x4  
  121  7:47  Baneling x3  
  121  7:50  Zergling x6  
  126  7:54  Zergling x2  
  126  7:56  Spore Crawler  
  126  7:59  Zergling x6  
  126  8:00  Drone x2  
  126  8:02  Overseer x2  
  126  8:03  Pneumatized Carapace  
  126  8:04  Zergling x8  
  135  8:07  Zergling x2  
  135  8:12  Zergling x8  
  139  8:14  Zergling x2  
  139  8:17  Zerg Melee Weapons Level 2  
  139  8:19  Zerg Ground Armor Level 2  
  140  8:21  Drone x4  
  140  8:25  Spore Crawler  
  140  8:26  Zergling x10  
  147  8:34  Overlord x2  
  145  8:41  Overlord  
  145  8:42  Overlord  
  145  8:43  Overlord  
  145  8:46  Adrenal Glands  
  144  8:48  Ultralisk Cavern  
  144  8:49  Zergling x2  
  144  8:50  Zergling x8  
  144  8:53  Baneling x2  
  147  9:01  Zergling x2  
  147  9:02  Zergling x38  
  167  9:06  Zergling x6  
  167  9:07  Zergling x2  
  171  9:15  Zergling x12  
  177  9:18  Baneling x3  
  177  9:23  Zergling x4  
  176  9:25  Overlord  
  176  9:28  Zergling x2  
  177  9:31  Viper  
  177  9:32  Viper  
  183  9:39  Chitinous Plating  
  183  9:44  Overlord  
  193  9:45  Ultralisk x2  
  193  9:46  Zergling x8  
  193  9:52  Baneling x4  
  194  10:04  Zergling x18  
  194  10:05  Zergling x28  
  184  10:13  Zergling x2  
  184  10:14  Zergling x14  
  173  10:19  Zergling x6  
  154  10:28  Ultralisk x2  
  155  10:30  Zergling x8  
  155  10:32  Baneling x3  
  155  10:34  Zergling x2  
  155  10:35  Overseer  
  159  10:38  Zergling x2  
  159  10:39  Zergling x4  
  159  10:41  Zergling x4  
  161  10:43  Zergling x2  
  161  10:44  Zergling x4  
  161  10:49  Zergling x12  
  167  10:52  Zergling x8  
  167  10:54  Baneling  
  167  10:55  Baneling x2  
  171  10:58  Anabolic Synthesis  
  171  10:59  Overseer  
  170  11:05  Zergling x8  
  170  11:06  Zergling x2  
  170  11:07  Zergling x12  
  171  11:15  Zergling x2  
  171  11:16  Zergling x6  
  159  11:18  Zergling x2  
  159  11:24  Baneling, Ultralisk x2  
  159  11:25  Baneling x3  
  158  11:35  Zergling x10  
  158  11:38  Zergling x10  
  157  11:41  Zergling x2  
  157  11:46  Ultralisk  
  153  11:47  Zergling x2  
  153  11:53  Zergling x2  
  153  11:54  Zergling x4  
  147  11:57  Zergling x2  
  147  11:58  Drone  
  147  11:59  Drone x4  
  145  12:03  Baneling x2  
  145  12:04  Baneling x4  
  145  12:07  Drone x3  
  148  12:14  Overseer x2  
  148  12:20  Zergling x4  
  151  12:32  Zergling x20  
Show
View Real Time Build Order
Export as new Build Order

Clem Terran - Winner!

Build Orders: Liberator Opening, Reaper Expand 

Get SALT Encoding   

  12  0:00  SCV  
  13  0:12  SCV  
  14  0:17  Supply Depot  
  14  0:24  SCV  
  15  0:38  SCV  
  15  0:39  Barracks  
  16  0:43  Refinery  
  16  0:50  SCV  
  17  1:02  SCV  
  18  1:15  SCV  
  19  1:26  Reaper  
  19  1:27  Orbital Command  
  20  1:37  Command Center  
  20  1:45  Supply Depot  
  20  1:52  SCV  
  21  1:58  Marine  
  22  2:04  SCV  
  23  2:09  Factory  
  23  2:16  SCV  
  23  2:19  Barracks Reactor  
  24  2:28  SCV  
  25  2:40  Command Center, SCV  
  26  2:49  Orbital Command  
  26  2:52  SCV  
  27  3:03  Starport  
  27  3:05  SCV, Refinery  
  27  3:10  Hellion  
  27  3:15  Hellion  
  27  3:17  SCV  
  30  3:20  Marine  
  30  3:23  SCV  
  32  3:29  SCV  
  32  3:33  Hellion  
  35  3:35  SCV  
  35  3:38  Hellion  
  38  3:41  Liberator  
  38  3:45  SCV  
  42  3:49  SCV  
  42  3:51  Barracks Tech Lab  
  42  3:52  Orbital Command  
  43  3:58  SCV  
  43  4:00  Hellion  
  43  4:01  SCV  
  47  4:05  Hellion  
  47  4:08  Supply Depot  
  49  4:10  SCV  
  49  4:13  SCV  
  49  4:14  Stimpack  
  51  4:17  SCV  
  51  4:22  SCV  
  53  4:25  SCV  
  53  4:27  Starport Reactor  
  53  4:30  SCV  
  55  4:32  Barracks  
  55  4:34  Barracks  
  55  4:35  Factory Tech Lab, SCV  
  55  4:36  Marine  
  55  4:37  SCV  
  58  4:39  Supply Depot  
  58  4:42  SCV  
  59  4:48  SCV  
  59  4:49  SCV  
  59  4:50  Engineering Bay  
  59  4:51  Engineering Bay  
  61  4:54  Marine, SCV  
  63  5:00  SCV  
  63  5:01  SCV  
  63  5:02  Siege Tank  
  63  5:05  Supply Depot  
  68  5:10  SCV  
  68  5:12  Marine, Refinery  
  68  5:13  Refinery  
  70  5:17  Supply Depot, SCV  
  70  5:20  Starport Reactor  
  71  5:21  Marine x2  
  71  5:23  Terran Infantry Weapons Level 1, SCV  
  71  5:24  Orbital Command  
  71  5:26  Terran Infantry Armor Level 1  
  71  5:28  Marine  
  75  5:29  SCV, Marine  
  75  5:34  Marine  
  78  5:35  SCV  
  78  5:40  Supply Depot  
  78  5:41  SCV, Marine x2  
  82  5:44  Siege Tank  
  82  5:48  SCV  
  82  5:49  SCV  
  87  5:51  Marine, Supply Depot  
  87  5:53  Marine  
  87  5:54  SCV  
  87  5:56  Marine  
  91  5:58  Supply Depot  
  91  6:00  Marine x2, SCV  
  92  6:06  Medivac x2  
  92  6:08  SCV x2  
  92  6:09  Marine  
  99  6:13  Combat Shield, Marine, Supply Depot  
  99  6:15  Marine  
  99  6:17  SCV  
  102  6:18  Marine  
  102  6:20  Siege Tank  
  102  6:24  SCV  
  107  6:26  Barracks  
  107  6:27  Barracks  
  107  6:30  SCV x2  
  107  6:31  Supply Depot  
  109  6:35  Marine  
  109  6:36  Supply Depot, SCV, Marine  
  109  6:37  Marine  
  113  6:42  SCV x2  
  113  6:43  Medivac x2  
  113  6:47  Marine  
  113  6:48  SCV  
  113  6:51  Marine  
  115  6:54  SCV x2  
  115  6:57  Marine, Supply Depot  
  115  6:59  Siege Tank  
  115  7:00  SCV  
  121  7:02  Marine  
  121  7:06  SCV x2  
  121  7:07  Marine x2  
  119  7:12  Refinery  
  119  7:15  Factory  
  118  7:16  Marine  
  118  7:18  Barracks Reactor  
  118  7:24  Marine, Medivac x2  
  118  7:25  Marine x2  
  121  7:33  Command Center  
  119  7:37  Supply Depot  
  119  7:38  Barracks Reactor  
  119  7:41  Armory, Marine x2  
  119  7:42  Marine  
  119  7:44  Marine x2  
  121  7:48  Widow Mine  
  121  7:50  SCV x3  
  128  7:53  Refinery  
  128  7:55  Marine x2  
  130  7:59  Marine x2  
  130  8:00  Factory Reactor, Marine  
  130  8:01  Medivac, Supply Depot  
  130  8:02  Marine  
  130  8:03  Marine  
  130  8:05  Supply Depot  
  137  8:11  Siege Tank  
  136  8:15  Marine x4  
  140  8:21  Medivac  
  140  8:22  Barracks  
  140  8:23  Barracks x2  
  140  8:25  Marine  
  140  8:26  Marine x3  
  146  8:29  Drilling Claws  
  146  8:30  Terran Infantry Weapons Level 2  
  146  8:35  Marine x2  
  146  8:36  Terran Infantry Armor Level 2, Marine  
  143  8:43  Marine x3  
  143  8:44  Marine x3  
  143  8:45  Widow Mine x2  
  154  8:48  Widow Mine  
  154  8:49  Medivac  
  154  8:53  Marine  
  154  8:54  SCV x2, Supply Depot x2  
  154  8:55  SCV  
  154  9:04  Marine x3, Medivac  
  154  9:05  Marine  
  154  9:06  Marine, Widow Mine x2, SCV x2  
  154  9:08  SCV  
  168  9:13  Sensor Tower  
  168  9:18  Widow Mine, SCV  
  168  9:22  Marine  
  168  9:23  Barracks Tech Lab x2, Marine x2  
  166  9:24  Barracks Tech Lab  
  166  9:27  Widow Mine  
  166  9:28  Widow Mine  
  170  9:31  Planetary Fortress  
  170  9:33  Marine  
  170  9:34  SCV  
  170  9:38  Command Center  
  170  9:39  Marine x2  
  170  9:40  Marine x2, Widow Mine, Terran Vehicle And Ship Armor Level 1  
  170  9:42  SCV  
  170  9:45  Marine x2  
  178  9:47  Viking  
  178  9:49  Widow Mine x2  
  182  10:01  Widow Mine  
  182  10:02  Marine, Marauder  
  182  10:04  Liberator  
  182  10:05  Marauder  
  182  10:06  Marine x4  
  179  10:10  Widow Mine x2, Marauder  
  178  10:14  Marine  
  178  10:15  Marine  
  178  10:17  Liberator  
  178  10:18  Marine x2  
  178  10:20  Marine  
  174  10:22  Widow Mine  
  174  10:23  Marine  
  168  10:29  Marine x2  
  168  10:30  Marine x2  
  168  10:32  Widow Mine x2  
  168  10:34  SCV x2  
  168  10:35  Refinery x2  
  178  10:36  Marauder x2  
  178  10:37  Marine  
  178  10:42  SCV  
  176  10:44  Widow Mine  
  176  10:46  SCV  
  176  10:48  Marine  
  176  10:50  Ghost Academy  
  176  10:52  SCV  
  176  10:53  Widow Mine x2  
  176  10:54  Command Center  
  176  10:55  Liberator  
  181  10:58  Marauder  
  181  11:00  Liberator, Marauder, Marine  
  191  11:04  Marauder  
  191  11:05  Widow Mine  
  191  11:08  Marauder  
  192  11:14  Widow Mine  
  192  11:15  Widow Mine  
  170  11:20  Marauder  
  170  11:22  Marauder  
  166  11:25  Marauder, Marine x2  
  166  11:27  Widow Mine  
  166  11:30  Marine x2, Marauder  
  163  11:35  Marine x2  
  163  11:38  Medivac  
  157  11:40  Marine x2  
  157  11:41  Marauder  
  157  11:42  Ghost  
  157  11:43  Liberator, Marine x2  
  157  11:46  Ghost, SCV  
  149  11:48  Widow Mine, Marine x2  
  149  11:50  SCV  
  149  11:51  Marauder  
  149  11:52  Factory Reactor  
  149  11:53  Marine x2  
  149  11:54  SCV  
  159  12:02  Marauder  
  159  12:09  Widow Mine  
  159  12:11  Ghost, Marine x2  
  159  12:12  Marauder  
  159  12:15  Ghost  
  169  12:20  Marine, Medivac  
  169  12:21  Marine x2  
  174  12:23  Ghost, Marine  
  174  12:28  Widow Mine  
  171  12:31  Widow Mine  
Tags
 
Add a new tag
Caveats
  • Supply blocks, unpowered buildings, or Contaminate may cause inaccurate times.
  • Supply counts are checked every 10 seconds.